ORI
UNIVERSITY OF GEORGIA BULLDOGS @ UNIVERSITY OF FLORIDA GATORS
09/09/2044
 
TOP OF THE 1ST
University of Georgia Bulldogs batting - Pitching for University of Florida Gators : RHP Jason Palmer
Pitching: RHP Jason Palmer
Batting: SHB Jack Tierney 0-0: Called Strike
0-1: Foul Ball, location: 2F
0-2: Ground out 5-3 (Groundball, 5S, EV 83.1 MPH)
Batting: RHB Ivan Barrientos 0-0: Called Strike
0-1: Ball
1-1: SINGLE (Groundball, 25, EV 73.8 MPH) (infield hit)
Batting: LHB Justin Daley 0-0: Called Strike
0-1: Ball
1-1: Ball
2-1: Swinging Strike
2-2: Foul Ball, location: 2F
2-2: Strikes out swinging
Batting: RHB Terry Oetker 0-0: SINGLE (Groundball, 56D, EV 105.6 MPH)
Ivan Barrientos to second
Batting: RHB Juan Gallegos 0-0: Ball
1-0: Swinging Strike
1-1: Called Strike
1-2: Ground out 4-3 (Groundball, 4M, EV 83.8 MPH)
Top of the 1st over - 0 runs, 2 hits, 0 errors, 2 left on base; University of Georgia 0 - University of Florida 0
BOTTOM OF THE 1ST
University of Florida Gators batting - Pitching for University of Georgia Bulldogs : RHP Rip Log
Pitching: RHP Rip Log
Batting: RHB Antonio Honorato 0-0: Hit by Pitch
Batting: RHB Ricky Mejicanos 0-0: Ball
1-0: Called Strike
1-1: Ball
2-1: Swinging Strike
2-2: Foul Ball, location: 2F
2-2: Ball
3-2: Base on Balls
Antonio Honorato to second
Batting: LHB Tomas Espino 0-0: Called Strike
0-1: Foul Ball, location: 2F
0-2: SINGLE (Flyball, 5D, EV 100.6 MPH)
Antonio Honorato to third
Ricky Mejicanos to second
Batting: LHB Carlos Palau 0-0: Called Strike
0-1: Ball
1-1: Ball
2-1: Called Strike
2-2: Fielders Choice at 2nd, 3-6 (Groundball, 3, EV 80.6 MPH)
Antonio Honorato scores
Ricky Mejicanos to third
Batting: RHB Adrian Cox 0-0: Ball
1-0: Ball
2-0: Foul Ball, location: 2F
2-1: Swinging Strike
2-2: Strikes out swinging
Batting: RHB Seth Oliphant 0-0: Ball
1-0: Ball
2-0: Ball
3-0: Called Strike
3-1: Called Strike
3-2: Foul Ball, location: 2F
3-2: Base on Balls
Carlos Palau to second
Batting: RHB Victor Robledo 0-0: Ball
1-0: Ball
2-0: Called Strike
2-1: Ball
3-1: Base on Balls
Ricky Mejicanos scores
Carlos Palau to third
Seth Oliphant to second
Batting: RHB Seung-hyeon Yi 0-0: Called Strike
0-1: Ball
1-1: Ball
2-1: Ball
3-1: Ground out 4-3 (Groundball, 4, EV 76.3 MPH)
Bottom of the 1st over - 2 runs, 1 hit, 0 errors, 3 left on base; University of Georgia 0 - University of Florida 2
TOP OF THE 2ND
University of Georgia Bulldogs batting - Pitching for University of Florida Gators : RHP Jason Palmer
Batting: RHB Armando Ramirez 0-0: Ball
1-0: Swinging Strike
1-1: Fly out, F8 (Flyball, 8LM, EV 89.4 MPH)
Batting: RHB Harvey Neale 0-0: Swinging Strike
0-1: DOUBLE (Line Drive, 78D, EV 100.6 MPH)
Batting: RHB Mike Lassiter 0-0: Ball
1-0: Ball
2-0: Ground out 5-3 (Groundball, 5S, EV 83.1 MPH)
Batting: RHB Patrick Pinault 0-0: Ball
1-0: Called Strike
1-1: Ball
2-1: Ball
3-1: Fly out, F7 (Flyball, 78D, EV 108.1 MPH)
Top of the 2nd over - 0 runs, 1 hit, 0 errors, 1 left on base; University of Georgia 0 - University of Florida 2
BOTTOM OF THE 2ND
University of Florida Gators batting - Pitching for University of Georgia Bulldogs : RHP Rip Log
Batting: RHB Jorge Lagunas 0-0: Called Strike
0-1: Ball
1-1: Called Strike
1-2: Ball
2-2: Strikes out swinging
Batting: RHB Antonio Honorato 0-0: Ball
1-0: Ball
2-0: Foul Ball, location: 2F
2-1: Foul Ball, location: 2F
2-2: Foul Ball, location: 2F
2-2: Foul Ball, location: 2F
2-2: Foul Ball, location: 2F
2-2: Strikes out swinging
Batting: RHB Ricky Mejicanos 0-0: SINGLE (Groundball, 56D, EV 102.5 MPH)
Batting: LHB Tomas Espino 0-0: Called Strike
0-1: Swinging Strike
0-2: Ball
1-2: Foul Ball, location: 2F
1-2: Ball
2-2: Ball
3-2: Fly out, F6 (Popup, 6D, EV 52.5 MPH)
Bottom of the 2nd over - 0 runs, 1 hit, 0 errors, 1 left on base; University of Georgia 0 - University of Florida 2
TOP OF THE 3RD
University of Georgia Bulldogs batting - Pitching for University of Florida Gators : RHP Jason Palmer
Batting: SHB Jack Tierney 0-0: Called Strike
0-1: Ball
1-1: SINGLE (Groundball, 34D, EV 93.8 MPH)
Batting: RHB Ivan Barrientos 0-0: Reached on error, E5 (Groundball, 5, EV 105.6 MPH)
Jack Tierney to second
Batting: LHB Justin Daley 0-0: Called Strike
0-1: Fly out, F7 (Line Drive, 7, EV 90.0 MPH)
Batting: RHB Terry Oetker 0-0: Ball
1-0: Ball
Jack Tierney steals 3rd base
Ivan Barrientos to second
2-0: Ball
3-0: Called Strike
3-1: SINGLE (Groundball, 34D, EV 96.9 MPH)
Jack Tierney scores
Ivan Barrientos to third
Runner from 3rd tries for Home, SAFE, throw by RF to home
Batting: RHB Juan Gallegos 0-0: Foul Ball, location: 2F
0-1: Swinging Strike
0-2: Fielders Choice at 2nd, 4-6 (Groundball, 34, EV 84.4 MPH)
Batting: RHB Armando Ramirez 0-0: Foul Ball, location: 2F
0-1: Fly out, F9 (Line Drive, 9, EV 100.6 MPH)
Top of the 3rd over - 2 runs, 2 hits, 1 error, 1 left on base; University of Georgia 2 - University of Florida 2
BOTTOM OF THE 3RD
University of Florida Gators batting - Pitching for University of Georgia Bulldogs : RHP Rip Log
Batting: LHB Carlos Palau 0-0: Ball
1-0: Fly out, F7 (Flyball, 7S, EV 89.4 MPH)
Batting: RHB Adrian Cox 0-0: Ball
1-0: Ground out 5-3 (Groundball, 56S, EV 64.4 MPH)
Batting: RHB Seth Oliphant 0-0: Ball
1-0: Foul Ball, location: 2F
1-1: Foul Ball, location: 2F
1-2: Ball
2-2: Fly out, F9 (Flyball, 9LS, EV 96.3 MPH)
Bottom of the 3rd over - 0 runs, 0 hits, 0 errors, 0 left on base; University of Georgia 2 - University of Florida 2
TOP OF THE 4TH
University of Georgia Bulldogs batting - Pitching for University of Florida Gators : RHP Jason Palmer
Batting: RHB Harvey Neale 0-0: Foul Ball, location: 2F
0-1: Ground out 6-3 (Groundball, 56, EV 85.6 MPH)
Batting: RHB Mike Lassiter 0-0: Ball
1-0: Ball
2-0: Called Strike
2-1: Foul Ball, location: 2F
2-2: SINGLE (Groundball, 6MD, EV 108.1 MPH)
Batting: RHB Patrick Pinault 0-0: SINGLE (Flyball, 56D, EV 93.8 MPH)
Mike Lassiter to second
Batting: SHB Jack Tierney 0-0: Ball
1-0: Fly out, F4 (Flyball, 34D, EV 81.3 MPH)
Batting: RHB Ivan Barrientos 0-0: Ball
1-0: Swinging Strike
1-1: Foul Ball, location: 2F
1-2: Foul Ball, location: 2F
1-2: Strikes out swinging
Top of the 4th over - 0 runs, 2 hits, 0 errors, 2 left on base; University of Georgia 2 - University of Florida 2
BOTTOM OF THE 4TH
University of Florida Gators batting - Pitching for University of Georgia Bulldogs : RHP Rip Log
Batting: RHB Victor Robledo 0-0: Called Strike
0-1: Foul Ball, location: 2F
0-2: Ball
1-2: Foul Ball, location: 2F
1-2: Ball
2-2: SINGLE (Line Drive, 78M, EV 100.0 MPH)
Batting: RHB Seung-hyeon Yi 0-0: Ball
1-0: Swinging Strike
1-1: Foul Ball, location: 2F
1-2: SINGLE (Groundball, 6S, EV 61.3 MPH) (infield hit)
Victor Robledo to second
Pitching: LHP Viet Phang
Batting: RHB Jorge Lagunas 0-0: Ball
1-0: Ball
2-0: Called Strike
2-1: Ball
3-1: Swinging Strike
3-2: Foul Ball, location: 2F
3-2: Foul Ball, location: 2F
3-2: Grounds into double play, 5-4-3 (Groundball, 56, EV 88.1 MPH)
Victor Robledo to third
Pinch Hitting: RHB Vince Krogmeier 0-0: Ball
1-0: Ground out 4-3 (Groundball, 4D, EV 83.1 MPH)
Bottom of the 4th over - 0 runs, 2 hits, 0 errors, 1 left on base; University of Georgia 2 - University of Florida 2
TOP OF THE 5TH
University of Georgia Bulldogs batting - Pitching for University of Florida Gators : RHP Jason Palmer
Now at 3B: Alejandro Cruz
Batting: LHB Justin Daley 0-0: Fly out, F6 (Popup, 6MS, EV 67.5 MPH)
Batting: RHB Terry Oetker 0-0: Called Strike
0-1: Ball
1-1: Foul Ball, location: 2F
1-2: Fly out, F7 (Flyball, 7S, EV 95.0 MPH)
Batting: RHB Juan Gallegos 0-0: Swinging Strike
0-1: Ground out 5-3 (Groundball, 25, EV 80.6 MPH)
Top of the 5th over - 0 runs, 0 hits, 0 errors, 0 left on base; University of Georgia 2 - University of Florida 2
BOTTOM OF THE 5TH
University of Florida Gators batting - Pitching for University of Georgia Bulldogs : LHP Viet Phang
Batting: RHB Ricky Mejicanos 0-0: Ball
1-0: Called Strike
1-1: Ball
2-1: Ball
3-1: Foul Ball, location: 2F
3-2: Base on Balls
Batting: LHB Tomas Espino 0-0: SINGLE (Flyball, 8LS, EV 86.3 MPH)
Ricky Mejicanos to second
Batting: LHB Carlos Palau 0-0: SINGLE (Groundball, 4M, EV 85.6 MPH) (infield hit)
Ricky Mejicanos to third
Tomas Espino to second
Batting: RHB Adrian Cox 0-0: Called Strike
0-1: Ball
1-1: Fielders Choice at 2nd, 6-4 (Groundball, 6, EV 81.9 MPH)
Ricky Mejicanos scores
Tomas Espino to third
Batting: RHB Seth Oliphant 0-0: Ball
1-0: Foul Ball, location: 2F
1-1: Ball
2-1: Foul Ball, location: 2F
2-2: Ball
3-2: Strikes out swinging
Adrian Cox is caught stealing 2nd base 2-4
Batter strikes out.
Bottom of the 5th over - 1 run, 2 hits, 0 errors, 1 left on base; University of Georgia 2 - University of Florida 3
TOP OF THE 6TH
University of Georgia Bulldogs batting - Pitching for University of Florida Gators : RHP Jason Palmer
Batting: RHB Armando Ramirez 0-0: Ball
1-0: Ball
2-0: SINGLE (Line Drive, 34, EV 106.9 MPH)
Batting: RHB Harvey Neale 0-0: SINGLE (Groundball, 5S, EV 99.4 MPH)
Armando Ramirez to second
Batting: RHB Mike Lassiter 0-0: Ball
1-0: Called Strike
1-1: Grounds into double play, 6-4-3 (Groundball, 6, EV 81.3 MPH)
Armando Ramirez to third
Pitching: RHP Mike Larsen Jr.
Pinch Hitting: SHB Javy Franco 0-0: Called Strike
0-1: Fly out, F6 (Popup, 6MS, EV 75.0 MPH)
Top of the 6th over - 0 runs, 2 hits, 0 errors, 1 left on base; University of Georgia 2 - University of Florida 3
BOTTOM OF THE 6TH
University of Florida Gators batting - Pitching for University of Georgia Bulldogs : LHP Viet Phang
Now at 2B: Javy Franco
Batting: RHB Victor Robledo 0-0: Foul Ball, location: 2F
0-1: Foul Ball, location: 2F
0-2: Ball
1-2: Ball
2-2: Ball
3-2: Foul Ball, location: 2F
3-2: Base on Balls
Batting: RHB Seung-hyeon Yi 0-0: SINGLE (Groundball, 4MD, EV 106.9 MPH)
Victor Robledo to second
Runner from 2nd tries for 3rd, SAFE, throw by CF made to third
Batting: RHB Jorge Lagunas 0-0: Ball
1-0: 3-RUN HOME RUN (Flyball, 7LD, EV 93.8 MPH), Distance : 352 ft
Pitching: RHP Andres Morales
Batting: SHB Alejandro Cruz 0-0: SINGLE (Groundball, 6MS, EV 68.8 MPH) (infield hit)
Batting: RHB Ricky Mejicanos 0-0: Ball
1-0: Ball
2-0: Called Strike
2-1: Foul Ball, location: 2F
2-2: SINGLE (Groundball, 4MD, EV 97.5 MPH)
Alejandro Cruz to second
Batting: LHB Tomas Espino 0-0: Ball
1-0: Ball
2-0: Swinging Strike
2-1: Foul Ball, location: 2F
2-2: Strikes out swinging
Batting: LHB Carlos Palau 0-0: Called Strike
0-1: Foul Ball, location: 2F
0-2: Foul Ball, location: 2F
0-2: Foul Ball, location: 2F
0-2: SINGLE (Groundball, 6D, EV 101.3 MPH)
Alejandro Cruz to third
Ricky Mejicanos to second
Runner from 3rd tries for Home, SAFE, throw by CF to home
Batting: RHB Adrian Cox 0-0: Swinging Strike
0-1: Ball
1-1: Ball
2-1: SINGLE (Line Drive, 7S, EV 86.9 MPH)
Ricky Mejicanos to third
Carlos Palau to second
Runner from 3rd tries for Home, SAFE, throw by LF to home
Batting: RHB Seth Oliphant 0-0: Called Strike
0-1: Foul Ball, location: 2F
0-2: Foul Ball, location: 2F
0-2: Ball
1-2: Ball
2-2: Ball
3-2: Foul Ball, location: 2F
3-2: SINGLE (Groundball, 34D, EV 95.0 MPH)
Carlos Palau to third
Adrian Cox to second
Throwing error, E9
Carlos Palau scores
Adrian Cox to third
Seth Oliphant to second
Batting: RHB Victor Robledo 0-0: Called Strike
0-1: Called Strike
0-2: Foul Ball, location: 2F
0-2: Ball
1-2: Foul Ball, location: 2F
1-2: Ball
2-2: Strikes out swinging
Batting: RHB Seung-hyeon Yi 0-0: Ground out 1-3 (Groundball, 25, EV 70.6 MPH)
Bottom of the 6th over - 6 runs, 7 hits, 1 error, 2 left on base; University of Georgia 2 - University of Florida 9
TOP OF THE 7TH
University of Georgia Bulldogs batting - Pitching for University of Florida Gators : RHP Mike Larsen Jr.
Pinch Hitting: LHB Iestyn Peacock 0-0: Fly out, F9 (Flyball, 9LM, EV 88.1 MPH)
Pinch Hitting: LHB Jesus Huante 0-0: Hit by Pitch
Batting: LHB Justin Daley 0-0: Foul Ball, location: 2F
0-1: Ball
1-1: Fielders Choice at 2nd, 4-6 (Groundball, 34D, EV 82.5 MPH)
Batting: RHB Tony Aguiar 0-0: Ball
1-0: Called Strike
1-1: Called Strike
1-2: Strikes out swinging
Top of the 7th over - 0 runs, 0 hits, 0 errors, 1 left on base; University of Georgia 2 - University of Florida 9
BOTTOM OF THE 7TH
University of Florida Gators batting - Pitching for University of Georgia Bulldogs : RHP Andres Morales
Now in LF: Jesus Huante
Now in CF: Iestyn Peacock
Batting: RHB Jorge Lagunas 0-0: Ball
1-0: Foul Ball, location: 2F
1-1: Foul Ball, location: 2F
1-2: Foul Ball, location: 2F
1-2: Ground out 6-3 (Groundball, 6, EV 88.1 MPH)
Batting: SHB Alejandro Cruz 0-0: Ball
1-0: Ball
2-0: Fly out, F8 (Flyball, 8LM, EV 85.6 MPH)
Pinch Hitting: RHB Troy Bush 0-0: Ball
1-0: Foul Ball, location: 2F
1-1: SINGLE (Flyball, 5D, EV 96.9 MPH)
Batting: LHB Tomas Espino 0-0: Ball
1-0: Ball
2-0: Called Strike
2-1: Foul Ball, location: 2F
2-2: Ball
3-2: Ground out 4-3 (Groundball, 4, EV 83.1 MPH)
Bottom of the 7th over - 0 runs, 1 hit, 0 errors, 1 left on base; University of Georgia 2 - University of Florida 9
TOP OF THE 8TH
University of Georgia Bulldogs batting - Pitching for University of Florida Gators : RHP Mike Larsen Jr.
Now in LF: Hsueh-liang Hor
Pinch Hitting: RHB Doug Makwangwala 0-0: Reached on error, E6 (Groundball, 6, EV 89.4 MPH)
Pinch Hitting: LHB Paul McCool 0-0: Ground out 4-3 (Groundball, 4, EV 107.5 MPH)
Doug Makwangwala to third
Pinch Hitting: RHB Minoru Matsumoto 0-0: Foul Ball, location: 2F
0-1: Swinging Strike
0-2: SINGLE (Flyball, 9LS, EV 98.8 MPH)
Doug Makwangwala scores
Batting: RHB Mike Lassiter 0-0: Ball
1-0: Ball
2-0: Called Strike
2-1: Fly out, F7 (Flyball, 7, EV 90.6 MPH)
Batting: SHB Javy Franco 0-0: Ball
1-0: Foul Ball, location: 2F
1-1: Swinging Strike
1-2: Fly out, F7 (Flyball, 7S, EV 88.1 MPH)
Top of the 8th over - 1 run, 1 hit, 1 error, 1 left on base; University of Georgia 3 - University of Florida 9
BOTTOM OF THE 8TH
University of Florida Gators batting - Pitching for University of Georgia Bulldogs : RHP Andres Morales
Pitching: RHP Trevor Woodbury
Now at 3B: Doug Makwangwala
Now at SS: Pedro Gonzalez
Now in LF: Antonio Razo
Now in RF: Jesus Huante
Batting: LHB Carlos Palau 0-0: Called Strike
0-1: Called Strike
0-2: Strikes out looking
Batting: RHB Adrian Cox 0-0: Ball
1-0: Called Strike
1-1: Ball
2-1: Swinging Strike
2-2: Strikes out swinging
Batting: RHB Seth Oliphant 0-0: Ground out 5-3 (Groundball, 56S, EV 86.3 MPH)
Bottom of the 8th over - 0 runs, 0 hits, 0 errors, 0 left on base; University of Georgia 3 - University of Florida 9
TOP OF THE 9TH
University of Georgia Bulldogs batting - Pitching for University of Florida Gators : RHP Mike Larsen Jr.
Pinch Hitting: RHB Jeff Floyd 0-0: Ball
1-0: Ball
2-0: Ball
3-0: Foul Ball, location: 2F
3-1: Base on Balls
Pinch Hitting: SHB Zack Flater 0-0: Called Strike
0-1: SINGLE (Groundball, 34D, EV 79.4 MPH) (infield hit)
Jeff Floyd to second
Pinch Hitting: LHB William Pena 0-0: Called Strike
0-1: Fly out, F8 (Flyball, 8LXD, EV 100.6 MPH)
Runner from 2nd tags up, SAFE at 3rd, no throw by CF
Batting: RHB Tony Aguiar 0-0: Called Strike
0-1: Fielders Choice at 2nd, 4-6 (Groundball, 4M, EV 81.9 MPH)
Jeff Floyd scores
Batting: RHB Doug Makwangwala 0-0: Ball
1-0: Swinging Strike
1-1: Fielders Choice at 2nd, 6-4 (Groundball, 6, EV 99.4 MPH)
Top of the 9th over - 1 run, 1 hit, 0 errors, 1 left on base; University of Georgia 4 - University of Florida 9
Thursday, March 31st , 2022 - OOTP Baseball 22.12 Build 89